WCHLSIM.com - West Coast Hockey League
html PUBLIC "-//W3C//DTD XHTML 1.0 Transitional//EN" "http://www.w3.org/TR/xhtml1/DTD/xhtml1-transitional.dtd"> WCHL - Game 182 - EDMONTON ICE vs PHOENIX MUSTANGS

EDMONTON ICE vs PHOENIX MUSTANGS

Created - 8 novembre 2022 at 22:08

Goals
1 2 3 T
EDMONTON ICE 0 3 1 4
PHOENIX MUSTANGS 0 1 0 1
Shots
1 2 3 T
EDMONTON ICE 7 12 9 28
PHOENIX MUSTANGS 15 6 8 29

1st period

No Goal

Penalties :
Tanner Jeannot (EDM) for Holding (Minor) at 0:55, John Tavares (PHX) for Hooking (Minor) at 7:31, Jordan Spence (EDM) for Roughing (Minor) at 7:31, Marco Scandella (PHX) for Hooking (Minor) at 10:34, Timo Meier (EDM) for Tripping (Minor) at 10:34

2nd period

1. EDMONTON ICE , Scott Laughton 1 (Joel Eriksson Ek 11) at 2:37
2. EDMONTON ICE , Timo Meier 9 (Joel Eriksson Ek 12) at 14:43
3. EDMONTON ICE , Timo Meier 10 (Jonas Brodin 6, Joel Eriksson Ek 13) at 15:22
4. PHOENIX MUSTANGS , Ryan O'Reilly 1 (Andrew Copp 5, Erik Karlsson 4) at 16:47

Penalties :
Jeff Petry (PHX) for Hooking (Minor) at 0:06, Marco Scandella (PHX) for Tripping (Minor) at 17:02

3rd period

5. EDMONTON ICE , Tanner Jeannot 3 (Anton Lundell 3, Anthony Mantha 4) at 1:36

Penalties :
Jordan Spence (EDM) for Cross-checking (Minor) at 9:34, Ty Smith (PHX) for Roughing (Minor) at 12:25

Goalie Stats

Alex Nedeljkovic (EDM), 28 saves from 29 shots - (0,966), W, 2-1-1, 60:00 minutes
Jack Campbell (PHX), 24 saves from 28 shots - (0,857), L, 5-3-1, 60:00 minutes

Players Stats for EDMONTON ICE

Player Name              G  A  P  +/- PIM S  H  SB GA TA FO     MP     PP MP  PK MP  
------------------------------------------------------------------------------------
Andy Greene              0  0  0   1  0   0  0  1  0  0  0/0    15:36   0:00   1:42 
Anthony Mantha           0  1  1   1  0   2  0  0  0  0  0/0    18:56   3:21   0:00 
Anton Lundell            0  1  1   1  0   3  0  0  0  0  5/23   20:30   2:31   0:00 
Austin Watson            0  0  0  -1  0   0  4  0  0  0  0/0    13:42   0:00   1:37 
Joel Eriksson Ek         0  3  3   3  0   5  2  0  0  0  9/25   18:35   3:26   0:00 
Jonas Brodin             0  1  1   1  0   0  2  2  0  0  0/0    24:13   3:05   2:16 
Joonas Donskoi           0  0  0  -1  0   2  0  0  0  0  1/3    16:57   2:31   2:21 
Jordan Spence            0  0  0   1  4   0  2  1  0  0  0/0    18:12   2:52   0:00 
Kieffer Bellows          0  0  0   0  0   1  0  0  0  0  0/0     6:08   0:00   0:00 
Nicholas Boka            0  0  0   0  0   0  0  0  0  0  0/0     1:09   0:00   0:00 
Reese Johnson            0  0  0   0  0   0  1  0  0  0  0/0     5:03   0:00   0:00 
Ryan Carpenter           0  0  0  -1  0   1  0  1  0  0  6/17   13:42   0:00   1:37 
Ryan Graves              0  0  0   1  0   1  1  3  0  0  0/0    20:47   2:52   2:16 
Scott Laughton           1  0  1   3  0   3  2  0  0  0  5/9    21:53   0:05   2:21 
Shea Theodore            0  0  0   1  0   1  1  6  0  0  0/0    22:35   3:05   1:42 
Tanner Jeannot           1  0  1   1  2   1  5  0  0  0  0/1    17:36   2:31   0:00 
Timo Meier               2  0  2   3  2   8  0  0  0  0  0/2    18:36   3:26   0:00 
Zach Whitecloud          0  0  0   1  0   0  2  1  0  0  0/0    17:50   0:00   0:00 

Players Stats for PHOENIX MUSTANGS

Player Name              G  A  P  +/- PIM S  H  SB GA TA FO     MP     PP MP  PK MP  
------------------------------------------------------------------------------------
Andrew Copp              0  1  1  -1  0   5  2  0  0  0  10/14  25:23   2:24   4:02 
Clayton Keller           0  0  0  -1  0   3  1  0  0  0  5/9    25:05   2:29   0:35 
Damon Severson           0  0  0  -2  0   1  5  1  0  0  0/0    23:24   2:26   3:22 
Dustin Brown             0  0  0   0  0   1  0  0  0  0  0/0    12:22   0:20   0:00 
Erik Karlsson            0  1  1   0  0   1  0  0  0  0  0/0    25:46   2:26   2:38 
Frederick Gaudreau       0  0  0   0  0   0  0  0  0  0  1/1     2:07   0:51   0:00 
Jason Spezza             0  0  0  -1  0   0  1  0  0  0  6/8    10:09   0:11   1:40 
Jeff Petry               0  0  0   0  2   0  1  1  0  0  0/0    22:21   1:32   1:26 
Jeremy Lauzon            0  0  0  -1  0   0  2  0  0  0  0/0    15:12   0:00   2:01 
Jesper Fast              0  0  0  -1  0   0  1  0  0  0  1/1    16:21   0:00   3:42 
John Tavares             0  0  0  -1  2   5  2  0  0  0  17/25  17:46   2:06   0:00 
Jordan Greenway          0  0  0   0  0   1  0  0  0  0  0/1    12:02   0:00   0:00 
Marco Scandella          0  0  0  -2  4   1  3  1  0  0  0/0    18:37   0:00   2:27 
Rasmus Asplund           0  0  0  -1  0   0  0  0  0  0  0/0     7:14   0:00   0:00 
Ryan O'Reilly            1  0  1  -1  0   3  1  0  0  0  13/20  14:20   1:41   0:00 
Teuvo Teravainen         0  0  0  -1  0   8  0  0  0  0  1/1    20:01   1:52   1:55 
Ty Smith                 0  0  0  -1  2   0  0  0  0  0  0/0    14:36   1:32   0:00 
Vinni Lettieri           0  0  0  -1  0   0  0  0  0  0  0/0     7:14   0:00   0:00 

3 Stars

1 - Joel Eriksson Ek (EDM)
2 - Timo Meier (EDM)
3 - Scott Laughton (EDM)

Power Play

EDMONTON ICE - 0 on 3 Attempt(s) - 0,00%
PHOENIX MUSTANGS - 0 on 2 Attempt(s) - 0,00%

Penalty Kill

EDMONTON ICE - 2 on 2 Attempt(s) - 100,00% - Score 0 goal in Penalty Kill
PHOENIX MUSTANGS - 3 on 3 Attempt(s) - 100,00% - Score 0 goal in Penalty Kill

Team Stat

EDMONTON ICE - Hits : 22 - Faceoff Wins : 26 - Blocked Shots : 15 - Penalty Minutes : 8
PHOENIX MUSTANGS - Hits : 19 - Faceoff Wins : 54 - Blocked Shots : 3 - Penalty Minutes : 10

Official

Referees : Justin St. Pierre and Reid Anderson
Linesman : Jesse Marquis and Steve Miller

Game Notes

Frederick Gaudreau is injured at 12:42 of 1st period (Right Wrist)

Finance

Level 1 -- Attendance: 6500 (100,00%) -- Ticket Income 942 500 $
Level 2 -- Attendance: 5850 (100,00%) -- Ticket Income 409 500 $
Level 3 -- Attendance: 2660 (88,67%) -- Ticket Income 119 700 $
Level 4 -- Attendance: 4000 (100,00%) -- Ticket Income 140 000 $
Luxury Box -- Attendance: 1000 (100,00%) -- Ticket Income 250 000 $
Game was played at the Mustangs Palace.
Total Attendance: 20010 (98,33%)
Total Ticket Income: 1 861 700 $
Other Expense: 18 617 $
Total Income: 1 843 083 $

EDMONTON ICE

5 vs 5 Forward 
   Center                   Left Wing                Right Wing               Time % Phy DF OF 
 1 Joel Eriksson Ek         Scott Laughton           Timo Meier               38     0   2  3  
 2 Anton Lundell            Tanner Jeannot           Anthony Mantha           36     1   2  2  
 3 Ryan Carpenter           Austin Watson            Joonas Donskoi           22     1   3  1  
 4 Scott Laughton           Kieffer Bellows          Reese Johnson            4      1   4  0  

5 vs 5 Defense 
   Defense                  Defense                                           Time % Phy DF OF 
 1 Shea Theodore            Ryan Graves                                       36     1   2  2  
 2 Jonas Brodin             Jordan Spence                                     34     0   3  2  
 3 Zach Whitecloud          Andy Greene                                       24     1   3  1  
 4 Jonas Brodin             Zach Whitecloud                                   6      0   4  1  

PowerPlay Forward 
   Center                   Left Wing                Right Wing               Time % Phy DF OF 
 1 Joel Eriksson Ek         Timo Meier               Anthony Mantha           55     0   1  4  
 2 Anton Lundell            Joonas Donskoi           Tanner Jeannot           45     0   2  3  

PowerPlay Defense
   Defense                  Defense                                           Time % Phy DF OF 
 1 Shea Theodore            Jonas Brodin                                      55     0   2  3  
 2 Ryan Graves              Jordan Spence                                     45     1   2  2  

Penalty Kill 4 Players Forward 
   Center                   Wing                     Time % Phy DF OF 
 1 Scott Laughton           Joonas Donskoi           57     0   4  1  
 2 Ryan Carpenter           Austin Watson            43     0   4  1  

Penalty Kill 4 Players Defense
   Defense                  Defense                  Time % Phy DF OF 
 1 Jonas Brodin             Ryan Graves              57     0   5  0  
 2 Shea Theodore            Andy Greene              43     0   5  0  

Penalty Kill - 3 Players Forward 
   Forward                                           Time % Phy DF OF 
 1 Anton Lundell                                     55     0   5  0  
 2 Ryan Carpenter                                    45     0   5  0  

Penalty Kill - 3 Players Defense
   Defense                  Defense                  Time % Phy DF OF 
 1 Jonas Brodin             Ryan Graves              55     0   5  0  
 2 Zach Whitecloud          Andy Greene              45     0   5  0  

4 vs 4 Forward 
   Center                   Wing                     Time % Phy DF OF 
 1 Anton Lundell            Timo Meier               55     1   2  2  
 2 Joel Eriksson Ek         Kieffer Bellows          45     1   2  2  

4 vs 4 Defense
   Defense                  Defense                  Time % Phy DF OF 
 1 Shea Theodore            Zach Whitecloud          55     1   2  2  
 2 Jordan Spence            Jonas Brodin             45     1   2  2  

Last Minutes Offensive
   Center                   Left Wing                Right Wing               Defense                  Defense                  
   Joel Eriksson Ek         Timo Meier               Anthony Mantha           Shea Theodore            Jonas Brodin             

Last Minutes Defensive
   Center                   Left Wing                Right Wing               Defense                  Defense                  
   Joel Eriksson Ek         Anton Lundell            Tanner Jeannot           Shea Theodore            Jonas Brodin             

Goaltenders
Starting : Alex Nedeljkovic         
Backup : Jonathan Quick           

Extra Forwards
Normal : Anton Lundell, Scott Laughton, Anthony Mantha - PP : Scott Laughton, Anton Lundell - PK : Timo Meier
Extra Defensemen
Normal : Shea Theodore, Jordan Spence, Zach Whitecloud - PP : Ryan Graves - PK : Shea Theodore, Jordan Spence
Penalty Shots
Timo Meier, Anton Lundell, Anthony Mantha, Joel Eriksson Ek, Tanner Jeannot
Custom OT Lines Forwards
Timo Meier, Joel Eriksson Ek, Anton Lundell, Anthony Mantha, Scott Laughton, Tanner Jeannot, Joonas Donskoi, Ryan Carpenter, Austin Watson, Kieffer Bellows
Custom OT Lines Defensemen
Shea Theodore, Jonas Brodin, Ryan Graves, Jordan Spence, Zach Whitecloud

Scratches
Jack Eichel (Left Knee Injury), Thomas Novak (Right Hand Injury), Michael Matheson (Fractured Metatarsal (Left Foot) Injury), Scott Wedgewood (Healthy)

PHOENIX MUSTANGS

5 vs 5 Forward 
   Center                   Left Wing                Right Wing               Time % Phy DF OF 
 1 John Tavares             Teuvo Teravainen         Clayton Keller           36     0   2  3  
 2 Ryan O'Reilly            Andrew Copp              Jesper Fast              32     0   2  3  
 3 Frederick Gaudreau       Jordan Greenway          Dustin Brown             22     0   3  2  
 4 Jason Spezza             Rasmus Asplund           Vinni Lettieri           10     0   3  2  

5 vs 5 Defense 
   Defense                  Defense                                           Time % Phy DF OF 
 1 Erik Karlsson            Jeff Petry                                        40     0   3  2  
 2 Damon Severson           Marco Scandella                                   40     0   3  2  
 3 Jeremy Lauzon            Ty Smith                                          20     0   3  2  
 4 Erik Karlsson            Jeremy Lauzon                                     0      0   3  2  

PowerPlay Forward 
   Center                   Left Wing                Right Wing               Time % Phy DF OF 
 1 John Tavares             Andrew Copp              Clayton Keller           60     0   1  4  
 2 Ryan O'Reilly            Frederick Gaudreau       Teuvo Teravainen         40     0   1  4  

PowerPlay Defense
   Defense                  Defense                                           Time % Phy DF OF 
 1 Erik Karlsson            Damon Severson                                    55     0   1  4  
 2 Ty Smith                 Jeff Petry                                        45     0   1  4  

Penalty Kill 4 Players Forward 
   Center                   Wing                     Time % Phy DF OF 
 1 Andrew Copp              Jesper Fast              60     1   2  2  
 2 Frederick Gaudreau       Teuvo Teravainen         40     1   2  2  

Penalty Kill 4 Players Defense
   Defense                  Defense                  Time % Phy DF OF 
 1 Marco Scandella          Damon Severson           58     1   2  2  
 2 Erik Karlsson            Jeff Petry               42     1   2  2  

Penalty Kill - 3 Players Forward 
   Forward                                           Time % Phy DF OF 
 1 Andrew Copp                                       50     0   4  1  
 2 Jesper Fast                                       50     0   4  1  

Penalty Kill - 3 Players Defense
   Defense                  Defense                  Time % Phy DF OF 
 1 Erik Karlsson            Damon Severson           50     0   4  1  
 2 Jeff Petry               Marco Scandella          50     0   4  1  

4 vs 4 Forward 
   Center                   Wing                     Time % Phy DF OF 
 1 John Tavares             Teuvo Teravainen         52     0   2  3  
 2 Andrew Copp              Clayton Keller           48     0   2  3  

4 vs 4 Defense
   Defense                  Defense                  Time % Phy DF OF 
 1 Jeff Petry               Erik Karlsson            52     0   2  3  
 2 Damon Severson           Marco Scandella          48     0   2  3  

Last Minutes Offensive
   Center                   Left Wing                Right Wing               Defense                  Defense                  
   John Tavares             Teuvo Teravainen         Clayton Keller           Erik Karlsson            Damon Severson           

Last Minutes Defensive
   Center                   Left Wing                Right Wing               Defense                  Defense                  
   Andrew Copp              Teuvo Teravainen         Jesper Fast              Damon Severson           Erik Karlsson            

Goaltenders
Starting : Jack Campbell            
Backup : Joonas Korpisalo         

Extra Forwards
Normal : Clayton Keller, Andrew Copp, John Tavares - PP : Frederick Gaudreau, Teuvo Teravainen - PK : Jesper Fast
Extra Defensemen
Normal : Damon Severson, Erik Karlsson, Jeff Petry - PP : Ty Smith - PK : Marco Scandella, Jeremy Lauzon
Penalty Shots
Clayton Keller, John Tavares, Ryan O'Reilly, Teuvo Teravainen, Frederick Gaudreau
Custom OT Lines Forwards
John Tavares, Teuvo Teravainen, Clayton Keller, Ryan O'Reilly, Andrew Copp, Frederick Gaudreau, Dustin Brown, Jordan Greenway, Jason Spezza, Rasmus Asplund
Custom OT Lines Defensemen
Erik Karlsson, Damon Severson, Jeff Petry, Marco Scandella, Ty Smith

Scratches
Marcus Foligno (Broken Left Foot Toe Injury)

% Time on Ice - EDMONTON ICE

Lines # - Real PCT - Wanted PCT - Time Play
Normal Forward
1 - 30% - 38% - 13:53
2 - 33% - 36% - 15:06
3 - 26% - 22% - 12:05
4 - 11% - 4% - 5:03
Normal Defense
1 - 35% - 36% - 16:12
2 - 32% - 34% - 14:53
3 - 26% - 24% - 12:10
4 - 6% - 6% - 2:52
PP Forward
1 - 58% - 55% - 3:26
2 - 42% - 45% - 2:31
PP Defense
1 - 52% - 55% - 3:05
2 - 48% - 45% - 2:52
PK Forward
1 - 59% - 57% - 2:21
2 - 41% - 43% - 1:37
PK Defense
1 - 57% - 57% - 2:16
2 - 43% - 43% - 1:42
PK3 Forward
1 - 0% - 55%
2 - 0% - 45%
PK3 Defense
1 - 0% - 55%
2 - 0% - 45%
44 Forward
1 - 73% - 55% - 2:53
2 - 27% - 45% - 1:05
44 Defense
1 - 42% - 55% - 1:40
2 - 58% - 45% - 2:18
Last Minute Offensive  - 0:00
Last Minute Defensive  - 0:00
Total
Forward - 60:00
Defense - 60:00

% Time on Ice - PHOENIX MUSTANGS

Lines # - Real PCT - Wanted PCT - Time Play
Normal Forward
1 - 31% - 36% - 14:12
2 - 27% - 32% - 12:39
3 - 26% - 22% - 12:02
4 - 16% - 10% - 7:14
Normal Defense
1 - 38% - 40% - 17:31
2 - 34% - 40% - 15:31
3 - 28% - 20% - 13:05
4 - 0% - 0% - 0:00
PP Forward
1 - 53% - 60% - 2:06
2 - 47% - 40% - 1:52
PP Defense
1 - 61% - 55% - 2:26
2 - 39% - 45% - 1:32
PK Forward
1 - 68% - 60% - 4:02
2 - 32% - 40% - 1:55
PK Defense
1 - 53% - 58% - 3:08
2 - 47% - 42% - 2:49
PK3 Forward
1 - 0% - 50%
2 - 0% - 50%
PK3 Defense
1 - 0% - 50%
2 - 0% - 50%
44 Forward
1 - 51% - 52% - 2:02
2 - 49% - 48% - 1:56
44 Defense
1 - 45% - 52% - 1:47
2 - 55% - 48% - 2:11
Last Minute Offensive  - 0:00
Last Minute Defensive  - 0:00
Total
Forward - 60:00
Defense - 60:00

Play-by-Play

1st period


0:01 of 1st period - John Tavares wins face-off versus Joel Eriksson Ek in neutral zone.
0:01 of 1st period - Clayton Keller is hit by Joel Eriksson Ek and loses puck.
0:10 of 1st period - Shot by Timo Meier.
0:10 of 1st period - Deflect By Scott Laughton.
0:10 of 1st period - Stopped by Jack Campbell without a rebound.
0:11 of 1st period - Anton Lundell wins face-off versus Ryan O'Reilly in PHOENIX MUSTANGS zone.
0:14 of 1st period - Shot by Anthony Mantha.
0:14 of 1st period - Stopped by Jack Campbell with a rebound.
0:51 of 1st period - Anton Lundell is hit by Marco Scandella and loses puck.
0:55 of 1st period - Minor Penalty to Tanner Jeannot for Holding.
0:56 of 1st period - Scott Laughton wins face-off versus John Tavares in EDMONTON ICE zone.
1:10 of 1st period - Shot by Andrew Copp.
1:10 of 1st period - Stopped by Alex Nedeljkovic without a rebound.
1:11 of 1st period - Ryan O'Reilly wins face-off versus Ryan Carpenter in EDMONTON ICE zone.
2:35 of 1st period - Shot by John Tavares.
2:35 of 1st period - Stopped by Alex Nedeljkovic without a rebound.
2:36 of 1st period - Scott Laughton wins face-off versus John Tavares in EDMONTON ICE zone.
4:00 of 1st period - Shot by Timo Meier.
4:00 of 1st period - Stopped by Jack Campbell without a rebound.
4:01 of 1st period - Ryan Carpenter wins face-off versus Clayton Keller in PHOENIX MUSTANGS zone.
4:11 of 1st period - Icing by Jeff Petry.
4:12 of 1st period - John Tavares wins face-off versus Ryan Carpenter in PHOENIX MUSTANGS zone.
4:17 of 1st period - Shot by John Tavares.
4:17 of 1st period - Stopped by Alex Nedeljkovic without a rebound.
4:18 of 1st period - John Tavares wins face-off versus Anton Lundell in EDMONTON ICE zone.
4:19 of 1st period - Shot by Teuvo Teravainen.
4:19 of 1st period - Shot Blocked by Shea Theodore.
5:17 of 1st period - Icing by Erik Karlsson.
5:18 of 1st period - Joel Eriksson Ek wins face-off versus John Tavares in PHOENIX MUSTANGS zone.
5:44 of 1st period - Icing by Jeff Petry.
5:45 of 1st period - John Tavares wins face-off versus Ryan Carpenter in PHOENIX MUSTANGS zone.
5:51 of 1st period - Icing by Clayton Keller.
5:52 of 1st period - John Tavares wins face-off versus Ryan Carpenter in PHOENIX MUSTANGS zone.
5:52 of 1st period - John Tavares is hit by Austin Watson.
6:30 of 1st period - Shot by Jordan Greenway.
6:30 of 1st period - Shot Misses the Net.
6:51 of 1st period - Icing by Shea Theodore.
6:52 of 1st period - Ryan O'Reilly wins face-off versus Ryan Carpenter in EDMONTON ICE zone.
7:28 of 1st period - Shot by Jesper Fast.
7:28 of 1st period - Shot Blocked by Ryan Graves.
7:30 of 1st period - Shot by Andrew Copp.
7:30 of 1st period - Stopped by Alex Nedeljkovic without a rebound.
7:31 of 1st period - Clayton Keller wins face-off versus Timo Meier in EDMONTON ICE zone.
7:31 of 1st period - Minor Penalty to John Tavares for Hooking.
7:31 of 1st period - Minor Penalty to Jordan Spence for Roughing.
7:32 of 1st period - Clayton Keller wins face-off versus Anton Lundell in EDMONTON ICE zone.
7:35 of 1st period - Shot by Teuvo Teravainen.
7:35 of 1st period - Shot Misses the Net.
7:37 of 1st period - Shot by Erik Karlsson.
7:37 of 1st period - Shot Blocked by Zach Whitecloud.
8:27 of 1st period - Off-side.
8:28 of 1st period - Andrew Copp wins face-off versus Joel Eriksson Ek in neutral zone.
8:39 of 1st period - Jonas Brodin is hit by Damon Severson and loses puck.
8:56 of 1st period - Shot by Joel Eriksson Ek.
8:56 of 1st period - Stopped by Jack Campbell without a rebound.
8:57 of 1st period - Andrew Copp wins face-off versus Anton Lundell in PHOENIX MUSTANGS zone.
9:18 of 1st period - Shot by Andrew Copp.
9:18 of 1st period - Stopped by Alex Nedeljkovic without a rebound.
9:19 of 1st period - Jason Spezza wins face-off versus Joel Eriksson Ek in EDMONTON ICE zone.
9:42 of 1st period - Shot by Jordan Greenway.
9:42 of 1st period - Shot Misses the Net.
9:44 of 1st period - Shot by Jordan Greenway.
9:44 of 1st period - Stopped by Alex Nedeljkovic without a rebound.
9:45 of 1st period - Joel Eriksson Ek wins face-off versus Ryan O'Reilly in EDMONTON ICE zone.
9:53 of 1st period - Icing by Ryan Graves.
9:54 of 1st period - Frederick Gaudreau wins face-off versus Scott Laughton in EDMONTON ICE zone.
9:58 of 1st period - Icing by Shea Theodore.
9:59 of 1st period - Ryan O'Reilly wins face-off versus Joel Eriksson Ek in EDMONTON ICE zone.
10:34 of 1st period - Minor Penalty to Marco Scandella for Hooking.
10:34 of 1st period - Minor Penalty to Timo Meier for Tripping.
10:35 of 1st period - Andrew Copp wins face-off versus Anton Lundell in PHOENIX MUSTANGS zone.
10:39 of 1st period - Erik Karlsson is hit by Jordan Spence.
11:03 of 1st period - Shot by Clayton Keller.
11:03 of 1st period - Stopped by Alex Nedeljkovic without a rebound.
11:04 of 1st period - John Tavares wins face-off versus Joel Eriksson Ek in EDMONTON ICE zone.
11:07 of 1st period - Shot by Teuvo Teravainen.
11:07 of 1st period - Stopped by Alex Nedeljkovic with a rebound.
11:17 of 1st period - Shot by Shea Theodore.
11:17 of 1st period - Stopped by Jack Campbell without a rebound.
11:18 of 1st period - Anton Lundell wins face-off versus John Tavares in PHOENIX MUSTANGS zone.
11:29 of 1st period - Shot by Scott Laughton.
11:29 of 1st period - Stopped by Jack Campbell without a rebound.
11:30 of 1st period - Andrew Copp wins face-off versus Joel Eriksson Ek in PHOENIX MUSTANGS zone.
11:39 of 1st period - Off-side.
11:40 of 1st period - Scott Laughton wins face-off versus Clayton Keller in neutral zone.
12:41 of 1st period - Frederick Gaudreau is hit by Austin Watson and loses puck.
12:42 of 1st period - Frederick Gaudreau from PHOENIX MUSTANGS is injured at 12:42 of 1st period (Right Wrist).
12:43 of 1st period - John Tavares wins face-off versus Ryan Carpenter in PHOENIX MUSTANGS zone.
13:18 of 1st period - Dustin Brown is hit by Austin Watson and loses puck.
13:45 of 1st period - Shot by Ryan O'Reilly.
13:45 of 1st period - Shot Blocked by Shea Theodore.
13:47 of 1st period - Shot by Marco Scandella.
13:47 of 1st period - Stopped by Alex Nedeljkovic without a rebound.
13:48 of 1st period - Ryan O'Reilly wins face-off versus Anton Lundell in EDMONTON ICE zone.
14:22 of 1st period - Shot by Ryan O'Reilly.
14:22 of 1st period - Stopped by Alex Nedeljkovic without a rebound.
14:23 of 1st period - Joel Eriksson Ek wins face-off versus Jason Spezza in EDMONTON ICE zone.
14:38 of 1st period - Shot by Joel Eriksson Ek.
14:38 of 1st period - Deflect By Timo Meier.
14:38 of 1st period - Shot Blocked by Jeff Petry.
14:57 of 1st period - Shot by Erik Karlsson.
14:57 of 1st period - Stopped by Alex Nedeljkovic without a rebound.
14:58 of 1st period - John Tavares wins face-off versus Anton Lundell in EDMONTON ICE zone.
15:16 of 1st period - Shot by John Tavares.
15:16 of 1st period - Stopped by Alex Nedeljkovic with a rebound.
15:28 of 1st period - Shot by Teuvo Teravainen.
15:28 of 1st period - Stopped by Alex Nedeljkovic with a rebound.
15:30 of 1st period - Shot by Teuvo Teravainen.
15:30 of 1st period - Stopped by Alex Nedeljkovic without a rebound.
15:31 of 1st period - Joel Eriksson Ek wins face-off versus Ryan O'Reilly in EDMONTON ICE zone.
15:57 of 1st period - Jesper Fast is hit by Zach Whitecloud and loses puck.
16:06 of 1st period - Scott Laughton is hit by Andrew Copp and loses puck.
17:38 of 1st period - Shot by Anton Lundell.
17:38 of 1st period - Stopped by Jack Campbell without a rebound.
17:39 of 1st period - Ryan Carpenter wins face-off versus Andrew Copp in PHOENIX MUSTANGS zone.
18:13 of 1st period - Shot by Dustin Brown.
18:13 of 1st period - Shot Misses the Net.
19:26 of 1st period - Icing by Anton Lundell.
19:27 of 1st period - John Tavares wins face-off versus Anton Lundell in EDMONTON ICE zone.
19:28 of 1st period - Shot by Teuvo Teravainen.
19:28 of 1st period - Shot Blocked by Jonas Brodin.
19:30 of 1st period - Shot by John Tavares.
19:30 of 1st period - Deflect By Teuvo Teravainen.
19:30 of 1st period - Stopped by Alex Nedeljkovic with a rebound.
Goals for this period are 0 for EDMONTON ICE vs 0 for PHOENIX MUSTANGS.
Shots for this period are 7 for EDMONTON ICE vs 15 for PHOENIX MUSTANGS.

2nd period


0:01 of 2nd period - Joel Eriksson Ek wins face-off versus John Tavares in neutral zone.
0:06 of 2nd period - Shot by Timo Meier.
0:06 of 2nd period - Stopped by Jack Campbell without a rebound.
0:06 of 2nd period - Minor Penalty to Jeff Petry for Hooking.
0:07 of 2nd period - Andrew Copp wins face-off versus Joel Eriksson Ek in PHOENIX MUSTANGS zone.
0:07 of 2nd period - Andrew Copp is hit by Joel Eriksson Ek.
1:12 of 2nd period - Shot by Anton Lundell.
1:12 of 2nd period - Shot Misses the Net.
2:22 of 2nd period - Shot by Clayton Keller.
2:22 of 2nd period - Stopped by Alex Nedeljkovic without a rebound.
2:23 of 2nd period - Jason Spezza wins face-off versus Joel Eriksson Ek in EDMONTON ICE zone.
2:30 of 2nd period - Shot by Rasmus Asplund.
2:30 of 2nd period - Shot Misses the Net.
2:37 of 2nd period - Shot by Scott Laughton.
2:37 of 2nd period - Goal by Scott Laughton - EDMONTON ICE : 1 - PHOENIX MUSTANGS : 0.
2:38 of 2nd period - Clayton Keller wins face-off versus Scott Laughton in neutral zone.
2:55 of 2nd period - Shot by Jordan Greenway.
2:55 of 2nd period - Shot Misses the Net.
3:13 of 2nd period - Shot by Dustin Brown.
3:13 of 2nd period - Shot Misses the Net.
3:15 of 2nd period - Shot by Dustin Brown.
3:15 of 2nd period - Shot Misses the Net.
4:37 of 2nd period - Shot by Andrew Copp.
4:37 of 2nd period - Stopped by Alex Nedeljkovic with a rebound.
4:51 of 2nd period - Icing by Zach Whitecloud.
4:52 of 2nd period - Teuvo Teravainen wins face-off versus Scott Laughton in EDMONTON ICE zone.
6:54 of 2nd period - Icing by Shea Theodore.
6:55 of 2nd period - John Tavares wins face-off versus Anton Lundell in EDMONTON ICE zone.
7:28 of 2nd period - Shot by Teuvo Teravainen.
7:28 of 2nd period - Stopped by Alex Nedeljkovic without a rebound.
7:29 of 2nd period - Ryan Carpenter wins face-off versus Ryan O'Reilly in EDMONTON ICE zone.
7:29 of 2nd period - Ryan Carpenter is hit by Jesper Fast.
7:51 of 2nd period - Marco Scandella is hit by Austin Watson and loses puck.
10:07 of 2nd period - Shot by Joel Eriksson Ek.
10:07 of 2nd period - Stopped by Jack Campbell without a rebound.
10:08 of 2nd period - Ryan O'Reilly wins face-off versus Anton Lundell in PHOENIX MUSTANGS zone.
10:25 of 2nd period - Anton Lundell is hit by Jeff Petry and loses puck.
10:44 of 2nd period - Icing by Jeff Petry.
10:45 of 2nd period - Joel Eriksson Ek wins face-off versus Ryan O'Reilly in PHOENIX MUSTANGS zone.
10:48 of 2nd period - Shot by Joel Eriksson Ek.
10:48 of 2nd period - Stopped by Jack Campbell without a rebound.
10:49 of 2nd period - Andrew Copp wins face-off versus Ryan Carpenter in PHOENIX MUSTANGS zone.
11:02 of 2nd period - Shot by Joonas Donskoi.
11:02 of 2nd period - Shot Misses the Net.
11:07 of 2nd period - Austin Watson is hit by Marco Scandella and loses puck.
11:16 of 2nd period - Shot by Ryan Carpenter.
11:16 of 2nd period - Shot Blocked by Damon Severson.
11:18 of 2nd period - Shot by Zach Whitecloud.
11:18 of 2nd period - Shot Misses the Net.
11:29 of 2nd period - Joel Eriksson Ek is hit by Damon Severson and loses puck.
11:48 of 2nd period - Shot by Timo Meier.
11:48 of 2nd period - Stopped by Jack Campbell without a rebound.
11:49 of 2nd period - Jason Spezza wins face-off versus Anton Lundell in PHOENIX MUSTANGS zone.
11:49 of 2nd period - Erik Karlsson is hit by Tanner Jeannot and loses puck.
11:58 of 2nd period - Icing by Anthony Mantha.
11:59 of 2nd period - John Tavares wins face-off versus Tanner Jeannot in EDMONTON ICE zone.
12:00 of 2nd period - Shot by Clayton Keller.
12:00 of 2nd period - Shot Misses the Net.
12:21 of 2nd period - Clayton Keller is hit by Jonas Brodin and loses puck.
13:08 of 2nd period - Shot by Vinni Lettieri.
13:08 of 2nd period - Shot Misses the Net.
14:12 of 2nd period - Shot by Andrew Copp.
14:12 of 2nd period - Stopped by Alex Nedeljkovic without a rebound.
14:13 of 2nd period - Anton Lundell wins face-off versus Clayton Keller in EDMONTON ICE zone.
14:36 of 2nd period - Shot by Anthony Mantha.
14:36 of 2nd period - Stopped by Jack Campbell without a rebound.
14:37 of 2nd period - Ryan O'Reilly wins face-off versus Joel Eriksson Ek in PHOENIX MUSTANGS zone.
14:37 of 2nd period - Ryan O'Reilly is hit by Scott Laughton.
14:43 of 2nd period - Shot by Timo Meier.
14:43 of 2nd period - Goal by Timo Meier - EDMONTON ICE : 2 - PHOENIX MUSTANGS : 0.
14:44 of 2nd period - Ryan O'Reilly wins face-off versus Joel Eriksson Ek in neutral zone.
14:44 of 2nd period - Ryan O'Reilly is hit by Scott Laughton.
15:12 of 2nd period - Shot by Timo Meier.
15:12 of 2nd period - Deflect By Joel Eriksson Ek.
15:12 of 2nd period - Shot Misses the Net.
15:14 of 2nd period - Shot by Joel Eriksson Ek.
15:14 of 2nd period - Stopped by Jack Campbell with a rebound.
15:16 of 2nd period - Shot by Timo Meier.
15:16 of 2nd period - Shot Misses the Net.
15:22 of 2nd period - Shot by Timo Meier.
15:22 of 2nd period - Goal by Timo Meier - EDMONTON ICE : 3 - PHOENIX MUSTANGS : 0.
15:23 of 2nd period - John Tavares wins face-off versus Anton Lundell in neutral zone.
15:37 of 2nd period - Shot by Anton Lundell.
15:37 of 2nd period - Stopped by Jack Campbell without a rebound.
15:38 of 2nd period - Ryan Carpenter wins face-off versus Jordan Greenway in PHOENIX MUSTANGS zone.
15:55 of 2nd period - Shot by Dustin Brown.
15:55 of 2nd period - Shot Blocked by Ryan Graves.
15:57 of 2nd period - Shot by Clayton Keller.
15:57 of 2nd period - Shot Blocked by Shea Theodore.
15:59 of 2nd period - Shot by Jeremy Lauzon.
15:59 of 2nd period - Deflect By Clayton Keller.
15:59 of 2nd period - Shot Blocked by Shea Theodore.
16:04 of 2nd period - Icing by Ryan Carpenter.
16:05 of 2nd period - Ryan O'Reilly wins face-off versus Joonas Donskoi in EDMONTON ICE zone.
16:27 of 2nd period - Shot by Andrew Copp.
16:27 of 2nd period - Shot Blocked by Ryan Graves.
16:47 of 2nd period - Shot by Ryan O'Reilly.
16:47 of 2nd period - Goal by Ryan O'Reilly - EDMONTON ICE : 3 - PHOENIX MUSTANGS : 1.
16:48 of 2nd period - Joel Eriksson Ek wins face-off versus John Tavares in neutral zone.
16:58 of 2nd period - Timo Meier is hit by Marco Scandella and loses puck.
17:02 of 2nd period - Minor Penalty to Marco Scandella for Tripping.
17:03 of 2nd period - Andrew Copp wins face-off versus Joel Eriksson Ek in PHOENIX MUSTANGS zone.
17:18 of 2nd period - Shot by Joel Eriksson Ek.
17:18 of 2nd period - Stopped by Jack Campbell without a rebound.
17:19 of 2nd period - Joel Eriksson Ek wins face-off versus Andrew Copp in PHOENIX MUSTANGS zone.
17:24 of 2nd period - Shot by Timo Meier.
17:24 of 2nd period - Stopped by Jack Campbell without a rebound.
17:25 of 2nd period - Andrew Copp wins face-off versus Joel Eriksson Ek in PHOENIX MUSTANGS zone.
17:33 of 2nd period - Icing by Joel Eriksson Ek.
17:34 of 2nd period - Andrew Copp wins face-off versus Joel Eriksson Ek in EDMONTON ICE zone.
18:32 of 2nd period - Shot by Teuvo Teravainen.
18:32 of 2nd period - Shot Misses the Net.
18:34 of 2nd period - Shot by Damon Severson.
18:34 of 2nd period - Stopped by Alex Nedeljkovic without a rebound.
18:35 of 2nd period - Jason Spezza wins face-off versus Anton Lundell in EDMONTON ICE zone.
18:52 of 2nd period - Icing by Jonas Brodin.
18:53 of 2nd period - Jesper Fast wins face-off versus Joonas Donskoi in EDMONTON ICE zone.
18:59 of 2nd period - Icing by Tanner Jeannot.
19:00 of 2nd period - Anton Lundell wins face-off versus Andrew Copp in EDMONTON ICE zone.
19:09 of 2nd period - Shot by Timo Meier.
19:09 of 2nd period - Deflect By Joel Eriksson Ek.
19:09 of 2nd period - Shot Misses the Net.
19:13 of 2nd period - Shot by Timo Meier.
19:13 of 2nd period - Shot Misses the Net.
19:54 of 2nd period - Icing by Erik Karlsson.
19:55 of 2nd period - John Tavares wins face-off versus Anton Lundell in PHOENIX MUSTANGS zone.
19:55 of 2nd period - John Tavares is hit by Tanner Jeannot.
Goals for this period are 3 for EDMONTON ICE vs 1 for PHOENIX MUSTANGS.
Shots for this period are 12 for EDMONTON ICE vs 6 for PHOENIX MUSTANGS.

3rd period


0:01 of 3rd period - Ryan O'Reilly wins face-off versus Joel Eriksson Ek in neutral zone.
0:31 of 3rd period - Shot by Ryan O'Reilly.
0:31 of 3rd period - Shot Misses the Net.
0:33 of 3rd period - Shot by Ryan O'Reilly.
0:33 of 3rd period - Deflect By Andrew Copp.
0:33 of 3rd period - Shot Misses the Net.
0:35 of 3rd period - Shot by Andrew Copp.
0:35 of 3rd period - Shot Blocked by Jonas Brodin.
0:37 of 3rd period - Shot by Jesper Fast.
0:37 of 3rd period - Shot Misses the Net.
1:13 of 3rd period - Icing by Jeff Petry.
1:14 of 3rd period - John Tavares wins face-off versus Anton Lundell in PHOENIX MUSTANGS zone.
1:14 of 3rd period - John Tavares is hit by Tanner Jeannot.
1:36 of 3rd period - Shot by Tanner Jeannot.
1:36 of 3rd period - Goal by Tanner Jeannot - EDMONTON ICE : 4 - PHOENIX MUSTANGS : 1.
1:37 of 3rd period - Clayton Keller wins face-off versus Ryan Carpenter in neutral zone.
2:14 of 3rd period - Shot by Joonas Donskoi.
2:14 of 3rd period - Stopped by Jack Campbell without a rebound.
2:15 of 3rd period - Ryan O'Reilly wins face-off versus Anton Lundell in PHOENIX MUSTANGS zone.
2:15 of 3rd period - Ryan O'Reilly is hit by Tanner Jeannot.
2:27 of 3rd period - Icing by Ryan Graves.
2:28 of 3rd period - Jason Spezza wins face-off versus Anton Lundell in EDMONTON ICE zone.
2:28 of 3rd period - Rasmus Asplund is hit by Shea Theodore.
2:34 of 3rd period - Shot by Jeff Petry.
2:34 of 3rd period - Shot Misses the Net.
2:41 of 3rd period - Rasmus Asplund is hit by Ryan Graves and loses puck.
3:07 of 3rd period - Icing by Ryan Graves.
3:08 of 3rd period - Anton Lundell wins face-off versus John Tavares in EDMONTON ICE zone.
3:33 of 3rd period - Shot by John Tavares.
3:33 of 3rd period - Shot Misses the Net.
3:39 of 3rd period - Shot by John Tavares.
3:39 of 3rd period - Shot Blocked by Jordan Spence.
4:36 of 3rd period - Icing by Ryan Carpenter.
4:37 of 3rd period - Ryan Carpenter wins face-off versus Clayton Keller in EDMONTON ICE zone.
5:06 of 3rd period - Shot by Dustin Brown.
5:06 of 3rd period - Stopped by Alex Nedeljkovic without a rebound.
5:07 of 3rd period - Jason Spezza wins face-off versus Anton Lundell in EDMONTON ICE zone.
5:20 of 3rd period - Shot by Rasmus Asplund.
5:20 of 3rd period - Deflect By Vinni Lettieri.
5:20 of 3rd period - Shot Blocked by Shea Theodore.
6:06 of 3rd period - Shot by Timo Meier.
6:06 of 3rd period - Stopped by Jack Campbell without a rebound.
6:07 of 3rd period - John Tavares wins face-off versus Joel Eriksson Ek in PHOENIX MUSTANGS zone.
6:20 of 3rd period - Shot by Clayton Keller.
6:20 of 3rd period - Shot Misses the Net.
6:26 of 3rd period - Shot by Clayton Keller.
6:26 of 3rd period - Shot Misses the Net.
6:28 of 3rd period - Shot by Clayton Keller.
6:28 of 3rd period - Shot Misses the Net.
6:30 of 3rd period - Shot by Teuvo Teravainen.
6:30 of 3rd period - Stopped by Alex Nedeljkovic with a rebound.
6:32 of 3rd period - Shot by Teuvo Teravainen.
6:32 of 3rd period - Stopped by Alex Nedeljkovic without a rebound.
6:33 of 3rd period - Ryan O'Reilly wins face-off versus Ryan Carpenter in EDMONTON ICE zone.
6:40 of 3rd period - Shot by Ryan O'Reilly.
6:40 of 3rd period - Stopped by Alex Nedeljkovic with a rebound.
7:45 of 3rd period - Shot by Clayton Keller.
7:45 of 3rd period - Stopped by Alex Nedeljkovic with a rebound.
7:47 of 3rd period - Shot by John Tavares.
7:47 of 3rd period - Shot Misses the Net.
7:49 of 3rd period - Shot by Clayton Keller.
7:49 of 3rd period - Shot Blocked by Andy Greene.
7:57 of 3rd period - Shot by John Tavares.
7:57 of 3rd period - Stopped by Alex Nedeljkovic without a rebound.
7:58 of 3rd period - Clayton Keller wins face-off versus Timo Meier in EDMONTON ICE zone.
7:58 of 3rd period - Dustin Brown is hit by Jordan Spence.
8:21 of 3rd period - Dustin Brown is hit by Jonas Brodin and loses puck.
8:37 of 3rd period - Off-side.
8:38 of 3rd period - Ryan O'Reilly wins face-off versus Anton Lundell in neutral zone.
9:00 of 3rd period - Ryan Graves is hit by Andrew Copp and loses puck.
9:34 of 3rd period - Minor Penalty to Jordan Spence for Cross-checking.
9:35 of 3rd period - Scott Laughton wins face-off versus Ryan O'Reilly in EDMONTON ICE zone.
9:35 of 3rd period - Scott Laughton is hit by Ryan O'Reilly.
9:50 of 3rd period - Icing by Damon Severson.
9:51 of 3rd period - Joonas Donskoi wins face-off versus Ryan O'Reilly in PHOENIX MUSTANGS zone.
10:02 of 3rd period - Shot by Ryan O'Reilly.
10:02 of 3rd period - Shot Blocked by Shea Theodore.
10:32 of 3rd period - Shot by Ryan Graves.
10:32 of 3rd period - Stopped by Jack Campbell without a rebound.
10:33 of 3rd period - Scott Laughton wins face-off versus Jason Spezza in PHOENIX MUSTANGS zone.
10:43 of 3rd period - Off-side.
10:44 of 3rd period - Ryan Carpenter wins face-off versus John Tavares in neutral zone.
11:15 of 3rd period - Shot by John Tavares.
11:15 of 3rd period - Shot Misses the Net.
11:17 of 3rd period - Shot by Andrew Copp.
11:17 of 3rd period - Shot Misses the Net.
11:48 of 3rd period - Anthony Mantha is hit by Jeremy Lauzon and loses puck.
12:24 of 3rd period - Timo Meier is hit by Jeremy Lauzon and loses puck.
12:25 of 3rd period - Minor Penalty to Ty Smith for Roughing.
12:26 of 3rd period - Joel Eriksson Ek wins face-off versus Andrew Copp in PHOENIX MUSTANGS zone.
12:31 of 3rd period - Shot by Joel Eriksson Ek.
12:31 of 3rd period - Shot Blocked by Marco Scandella.
12:47 of 3rd period - Shot by Timo Meier.
12:47 of 3rd period - Stopped by Jack Campbell with a rebound.
13:43 of 3rd period - Jesper Fast is hit by Tanner Jeannot and loses puck.
14:57 of 3rd period - Shot by Kieffer Bellows.
14:57 of 3rd period - Stopped by Jack Campbell without a rebound.
14:58 of 3rd period - John Tavares wins face-off versus Ryan Carpenter in PHOENIX MUSTANGS zone.
15:05 of 3rd period - Shea Theodore is hit by John Tavares and loses puck.
15:18 of 3rd period - Shot by Teuvo Teravainen.
15:18 of 3rd period - Shot Blocked by Ryan Carpenter.
15:29 of 3rd period - Shot by Teuvo Teravainen.
15:29 of 3rd period - Shot Misses the Net.
15:31 of 3rd period - Shot by Erik Karlsson.
15:31 of 3rd period - Deflect By Teuvo Teravainen.
15:31 of 3rd period - Stopped by Alex Nedeljkovic with a rebound.
15:33 of 3rd period - Shot by John Tavares.
15:33 of 3rd period - Stopped by Alex Nedeljkovic without a rebound.
15:34 of 3rd period - Andrew Copp wins face-off versus Joel Eriksson Ek in EDMONTON ICE zone.
15:58 of 3rd period - Joel Eriksson Ek is hit by Damon Severson.
16:58 of 3rd period - Anthony Mantha is hit by Damon Severson and loses puck.
17:29 of 3rd period - Shea Theodore is hit by Damon Severson and loses puck.
17:32 of 3rd period - Shot by Ryan Graves.
17:32 of 3rd period - Deflect By Joonas Donskoi.
17:32 of 3rd period - Stopped by Jack Campbell with a rebound.
17:34 of 3rd period - Shot by Ryan Carpenter.
17:34 of 3rd period - Stopped by Jack Campbell without a rebound.
17:35 of 3rd period - John Tavares wins face-off versus Scott Laughton in PHOENIX MUSTANGS zone.
17:42 of 3rd period - Jonas Brodin is hit by John Tavares and loses puck.
18:13 of 3rd period - John Tavares is hit by Reese Johnson and loses puck.
18:21 of 3rd period - Jonas Brodin is hit by Clayton Keller and loses puck.
18:54 of 3rd period - Shot by Anton Lundell.
18:54 of 3rd period - Stopped by Jack Campbell with a rebound.
19:04 of 3rd period - Shea Theodore is hit by Jason Spezza and loses puck.
19:35 of 3rd period - Icing by Erik Karlsson.
19:36 of 3rd period - Ryan O'Reilly wins face-off versus Ryan Carpenter in PHOENIX MUSTANGS zone.
19:43 of 3rd period - Jeff Petry is hit by Zach Whitecloud and loses puck.
19:54 of 3rd period - Shot by Ryan O'Reilly.
19:54 of 3rd period - Shot Misses the Net.
Goals for this period are 1 for EDMONTON ICE vs 0 for PHOENIX MUSTANGS.
Shots for this period are 9 for EDMONTON ICE vs 8 for PHOENIX MUSTANGS.


JOHNNY
GAUDREAU
MATTHEW
BOLDY
OWEN
TIPPETT

EAST COAST

HOCKEY LEAGUE

  • 29.PIT6MAN7
  • 30.ATL6NHW2
  • 31.WOR4PET3
  • 32.3RHI4
  • 33.CHIQUE
  • 34.LIMCHA
  • 35.LONTRV
  • 36.BALCHW